 Dungeon Crawl Stone Soup version 0.24.0-13-gcf9b3192b9 (webtiles) character file.

Game seed: 6764426391732317538, levelgen mode: deterministic

34 Esekla the Grasshopper (level 3, -1/21 HPs)
             Began as a Deep Elf Warper on Nov 6, 2019.
             Slain by an adder (5 damage)
             ... on level 2 of the Dungeon.
             The game lasted 00:05:46 (875 turns).

Esekla the Grasshopper (Deep Elf Warper)             Turns: 875, Time: 00:05:47

Health: -1/21      AC:  3    Str:  8    XL:     3   Next: 14%
Magic:  9/9        EV: 12    Int: 14    God:
Gold:   64         SH:  0    Dex: 15    Spells: 8/8 levels left

rFire    . . .     SeeInvis .   a - +0 falchion
rCold    . . .     Gourm    .   (no shield)
rNeg     . . .     Faith    .   b - +0 leather armour
rPois    .         Spirit   .   (no helmet)
rElec    .         Reflect  .   (no cloak)
rCorr    .         Harm     .   (no gloves)
MR       .....                  (no boots)
Stlth    +.........             (no amulet)
HPRegen  0.07/turn              j - -3 ring of intelligence (curse)
MPRegen  0.11/turn              (no ring)

@: no status effects
A: no striking features
a: no special abilities


You were on level 2 of the Dungeon.
You were not hungry.

You visited 1 branch of the dungeon, and saw 2 of its levels.

You collected 64 gold pieces.

Inventory:

Hand Weapons
 a - a +0 falchion (weapon)
 h - a cursed -1 spear
Missiles
 e - 5 boomerangs of dispersal (quivered)
Armour
 b - a +0 leather armour (worn)
Jewellery
 j - a cursed -3 ring of intelligence (left hand)
Scrolls
 d - a scroll of blinking
Potions
 c - a potion of haste {unknown}
 g - a potion of magic
 i - a potion of invisibility {unknown}
Comestibles
 f - a ration


   Skills:
 + Level 1.9 Fighting
 + Level 2.4 Long Blades
 - Level 1.0 Throwing
 + Level 1.0 Armour
 + Level 2.8 Dodging
 + Level 0.8 Stealth
 - Level 3.1 Spellcasting
   Level 3.2 Translocations


You had 8 spell levels left.
You didn't know any spells.
Your spell library contained the following spells:

 Spells                   Type           Power        Failure   Level  Hunger
 Blink                    Tloc           N/A          12%         2    ##.....
 Shroud of Golubria       Chrm/Tloc      #.....       22%         2    ##.....
 Gell's Gravitas          Tloc           ##........   24%         3    ###....
 Lesser Beckoning         Tloc           ##........   24%         3    ###....
 Teleport Other           Tloc           ##......     24%         3    ###....
 Passage of Golubria      Tloc           N/A          61%         4    #####..


Dungeon Overview and Level Annotations

Branches:
Dungeon (2/15)

Altars:


Message History

The giant cockroach misses you. The giant cockroach bites you.
* * * LOW HITPOINT WARNING * * *
You don't know any spells.
Unknown command.
The giant cockroach barely misses you.
You riposte.
You hit the giant cockroach.
You kill the giant cockroach!
The adder barely misses you.
You riposte.
You barely miss the adder. The adder bites you but does no damage.
There is a stone staircase leading up here.
You hit the adder.
The adder is moderately wounded.
The adder bites you.
* * * LOW HITPOINT WARNING * * *
The adder bites you but does no damage.
You closely miss the adder.
The adder is moderately wounded.
The adder bites you.
You die...

.....############ #..#........#
..>.............###..#.######.#
.#..####.####..........# #.#
....####.####.#.###..### #.#
..........##..†.# #..########.#
.##.####..#.#.#.###...†......[##
# #.# #............#########..#
##.# ##.#....S...##########..#
#..# #......†@..##..........#
..### #..#...†...............#
## #...#.......##(########.#
...#####.....##.# #.# ##.
#.......##.# #.# ##
#.####.....## #.# ...
#....).#######.# ...
#..............# ..
#.......########


You could see an adder.

Vanquished Creatures
  An ooze (D:1)
  4 dart slugs (D:2)
  2 giant cockroaches
  5 goblins
  A ball python (D:1)
  3 bats (D:2)
  2 kobolds
  6 rats (D:1)
24 creatures vanquished.

Notes
Turn   | Place    | Note
-------+----------+-------------------------------------------
     0 | D:1      | Esekla the Deep Elf Warper began the quest for the Orb.
     0 | D:1      | Reached XP level 1. HP: 12/12 MP: 6/6
   505 | D:1      | Reached XP level 2. HP: 16/17 MP: 8/8
   817 | D:2      | Reached skill level 1 in Armour
   836 | D:2      | Reached XP level 3. HP: 10/21 MP: 9/9
   875 | D:2      | Slain by an adder

Levels and vault maps discovered:
D:1:      dpeg_arrival_prison, layout_basic
D:2:      layout_loops_ring, first_ration

Skill      XL: |  1  2 |
---------------+-------+-----
Long Blades    | 2 |  2.4
Armour         | 1 |  1.0
Fighting       | |  1.9
Throwing       | |  1.0
Dodging        | |  2.8
Stealth        | |  0.8
Spellcasting   | |  3.1
Translocations | |  3.2

Action                   || total
-------------------------++-------
Melee: Falchion          ||    75
  Use: Scroll            ||     3
 Stab: Sleeping          ||     3
Armor: Leather armour    ||    18
Dodge: Dodged            ||    48
       Rpst.: Falchion   ||    14
